 Dungeon Crawl Stone Soup version 0.28-b1-25-g9875b3fc8c (webtiles) character file.

Game seed: 6212180175740213141

348 cayde69 the Shield-Bearer (level 6, -1/53 HPs)
             Began as a Gnoll Fighter on Feb 1, 2022.
             Was a Follower of the Shining One.
             Succumbed to Dowan's poison
             ... on level 5 of the Dungeon.
             The game lasted 00:09:57 (4889 turns).

cayde69 the Shield-Bearer (Gnoll Fighter)           Turns: 4889, Time: 00:09:58

Health: -1/53      AC: 10    Str: 17    XL:     6   Next: 60%
Magic:  9/9        EV:  6    Int:  8    God:    the Shining One [*.....]
Gold:   282        SH: 13    Dex: 11    Spells: 9/9 levels left

rFire   . . .      SeeInvis +   t - +4 hand axe
rCold   . . .      Faith    .   u - +0 tower shield
rNeg    . . .      Spirit   .   b - +0 scale mail
rPois   .          Reflect  .   (no helmet)
rElec   .          Harm     .   (no cloak)
rCorr   +          Rampage  .   (no gloves)
Will    .....                   s - +1 pair of boots
Stlth   ..........              l - amulet of magic regeneration
HPRegen 0.17/turn               e - ring of resist corrosion
MPRegen 0.51/turn               k - ring of see invisible

@: mighty, lethally poisoned (-1 -> -17), glowing
A: fangs 1, strong nose, distributed training
a: Renounce Religion, Divine Shield


You were on level 5 of the Dungeon.
You worshipped the Shining One.
The Shining One was aware of your devotion.
You visited 1 branch of the dungeon, and saw 5 of its levels.

You collected 282 gold pieces.

Inventory:

Hand Weapons
 a - a +0 long sword
 t - a +4 hand axe (weapon)
Missiles
 g - 166 stones (quivered)
Armour
 b - a +0 scale mail (worn)
 c - a +0 buckler
 q - a +0 pair of boots
 s - a +1 pair of boots (worn)
 u - a +0 tower shield (worn)
Jewellery
 e - a ring of resist corrosion (left hand)
 k - a ring of see invisible (right hand)
 l - an amulet of magic regeneration (around neck)
 v - a ring of willpower
 w - a ring of protection from fire
 A - a ring of wizardry
Scrolls
 h - 2 scrolls of acquirement
 j - a scroll of magic mapping {unknown}
 o - 2 scrolls of identify
 p - a scroll of enchant armour {unknown}
 r - a scroll of teleportation {unknown}
 y - 3 scrolls of amnesia {unknown}
 z - a scroll of holy word {unknown}
Potions
 f - 3 potions of curing {unknown}
 i - 4 potions of ambrosia {unknown}
 m - a potion of haste {unknown}
 n - a potion of attraction {unknown}
 x - a potion of resistance {unknown}


   Skills:
 + Level 6.8 Fighting
 + Level 2.0 Short Blades
 + Level 5.0 Long Blades
 + Level 2.0 Axes
 + Level 2.0 Maces & Flails
 + Level 2.0 Polearms
 + Level 2.0 Staves
 + Level 2.0 Slings
 + Level 2.0 Bows
 + Level 2.0 Crossbows
 + Level 2.0 Throwing
 + Level 6.8 Armour
 + Level 2.0 Dodging
 + Level 2.0 Stealth
 + Level 6.8 Shields
 + Level 2.0 Unarmed Combat
 + Level 2.0 Spellcasting
 + Level 1.6 Conjurations
 + Level 1.6 Hexes
 + Level 1.6 Summonings
 + Level 1.6 Necromancy
 + Level 1.6 Translocations
 + Level 1.6 Transmutations
 + Level 1.6 Fire Magic
 + Level 1.6 Ice Magic
 + Level 1.6 Air Magic
 + Level 1.6 Earth Magic
 + Level 1.6 Poison Magic
 + Level 2.2 Invocations
 + Level 2.0 Evocations


You had 9 spell levels left.
You didn't know any spells.
Your spell library contained the following spells:

 Spells                   Type           Power      Damage    Failure   Level
 Blink                    Tloc           6%         N/A       100%        2
 Gell's Gravitas          Tloc           3%         N/A       100%        3
 Lesser Beckoning         Tloc           3%         N/A       100%        3
 Teleport Other           Tloc           3%         N/A       100%        3
 Manifold Assault         Tloc           3%         N/A       100%        5


Dungeon Overview and Level Annotations

Branches:
Dungeon (5/15)
 Temple: D:4-7

Altars:
The Shining One

Shops:
D:2 [   D:3 [[

Annotations:
D:5 1 runed translucent door, Dowan; Duvessa; Violens's ghost, amateur MiFi


Innate Abilities, Weirdness & Mutations

You have very sharp teeth.
Your uncanny sense of smell can sniff out nearby items.
Your experience applies equally to all skills.


Message History

You are poisoned.
You block Dowan's attack.
You slash Dowan! You bite Dowan, but do no damage.
Dowan is heavily wounded.
You feel very sick.
Dowan hits you with a +5 dagger of venom.
You are more poisoned.
Duvessa hits you but does no damage. You block Dowan's attack.
You slash Dowan!
Dowan is severely wounded.
You barely miss Duvessa.
You feel very sick. Duvessa hits you but does no damage.
Dowan hits you but does no damage.
You are more poisoned.
You hit Dowan.
Dowan is almost dead.
You hit Duvessa.
You feel very sick. Duvessa hits you with a +0 short sword.
Dowan hits you with a +5 dagger of venom!
You are lethally poisoned!
You block Duvessa's attack. You block Dowan's attack.
You feel very mighty all of a sudden.
* * * LOW HITPOINT WARNING * * *
You feel very sick. You block Dowan's attack. You block Duvessa's attack.
You slash Duvessa!
Duvessa is moderately wounded.
You closely miss Dowan.
* * * LOW HITPOINT WARNING * * *
You feel extremely sick.
Duvessa says, "When magic and the sword combine, nothing stands against them."
Duvessa hits you with a +0 short sword.
* * * LOW HITPOINT WARNING * * *
Dowan casts a spell at you. You block the puff of frost.
You slash Duvessa!
Duvessa is severely wounded.
You closely miss Dowan.
You die...

####### #......
#. #..... ###...
#.....##....#
#..........#
#.....ee.#
#.....@# #...#..#
#. ##.## #####
#..# ##...#####
#..####.....)..##
##..##..........#
#...........<..##
##..............#
#..............#


You could see Duvessa and Dowan.

Vanquished Creatures
  A scorpion (D:4)
  2 jellies
  An iguana (D:5)
  2 orc wizards (D:4)
  A howler monkey skeleton (D:4)
  3 adders (D:2)
  2 ufetubi (D:5)
  3 adder skeletons (D:4)
  3 worms
  A dart slug (D:5)
  9 orcs
  4 ball pythons
  6 endoplasms
  2 giant cockroaches (D:1)
  6 goblins
  6 hobgoblins
  4 jackals (D:1)
  4 quokkas
  4 bats
  5 frilled lizards
  9 kobolds
  8 rats
86 creatures vanquished.

Notes
Turn   | Place    | Note
-------+----------+-------------------------------------------
     0 | D:1      | cayde69 the Gnoll Fighter began the quest for the Orb.
     0 | D:1      | Reached XP level 1. HP: 23/23 MP: 1/1
   322 | D:1      | Reached XP level 2. HP: 26/29 MP: 2/2
   955 | D:1      | Reached XP level 3. HP: 33/35 MP: 3/3
  1317 | D:2      | Reached skill level 1 in Invocations
  1350 | D:2      | Found Luedair's Antique Armour Shoppe.
  1556 | D:2      | Reached skill level 1 in Short Blades
  1556 | D:2      | Reached skill level 1 in Axes
  1556 | D:2      | Reached skill level 1 in Maces & Flails
  1556 | D:2      | Reached skill level 1 in Polearms
  1556 | D:2      | Reached skill level 1 in Staves
  1556 | D:2      | Reached skill level 1 in Slings
  1556 | D:2      | Reached skill level 1 in Bows
  1556 | D:2      | Reached skill level 1 in Crossbows
  1556 | D:2      | Reached skill level 1 in Throwing
  1556 | D:2      | Reached skill level 1 in Dodging
  1556 | D:2      | Reached skill level 1 in Stealth
  1556 | D:2      | Reached skill level 1 in Unarmed Combat
  1556 | D:2      | Reached skill level 1 in Spellcasting
  1556 | D:2      | Reached skill level 1 in Evocations
  1563 | D:2      | Reached XP level 4. HP: 41/41 MP: 5/5
  2155 | D:2      | Found a faded altar of an unknown god.
  2323 | D:3      | Reached skill level 1 in Conjurations
  2323 | D:3      | Reached skill level 1 in Hexes
  2323 | D:3      | Reached skill level 1 in Summonings
  2323 | D:3      | Reached skill level 1 in Necromancy
  2323 | D:3      | Reached skill level 1 in Translocations
  2323 | D:3      | Reached skill level 1 in Transmutations
  2323 | D:3      | Reached skill level 1 in Fire Magic
  2323 | D:3      | Reached skill level 1 in Ice Magic
  2323 | D:3      | Reached skill level 1 in Air Magic
  2323 | D:3      | Reached skill level 1 in Earth Magic
  2323 | D:3      | Reached skill level 1 in Poison Magic
  2323 | D:3      | Found Mear's Antique Armour Emporium.
  2507 | D:3      | Found a glowing golden altar of the Shining One.
  2596 | D:3      | Found Epukh's Antique Armour Shop.
  3063 | D:3      | Became a worshipper of the Shining One
  3108 | D:4      | Reached XP level 5. HP: 34/47 MP: 5/7
  3347 | D:4      | Identified 2 scrolls of acquirement
  3738 | D:4      | Reached XP level 6. HP: 33/53 MP: 8/8
  4467 | D:5      | Entered Level 5 of the Dungeon
  4515 | D:5      | Reached skill level 5 in Long Blades
  4571 | D:5      | Found a runed translucent door.
  4571 | D:5      | Noticed Violens's ghost (amateur MiFi)
  4626 | D:5      | Reached * piety under the Shining One
  4881 | D:5      | Noticed Dowan
  4881 | D:5      | Noticed Duvessa
  4889 | D:5      | Succumbed to Dowan's poison

Illustrated notes

Levels and vault maps discovered:
D:1:      minmay_arrival_shattered_statue, layout_basic,
          minmay_misc_feat_rugged, minmay_misc_feat_hallway, solitary_fountain
D:2:      layout_loops_ring, serial_shops, shop, basic_ecumenical_altar,
          minmay_fractal_squares_5
D:3:      layout_basic, nicolae_tso_swordbearing_angel, serial_shops,
          nicolae_shop_waterfront, nicolae_shop_competitors_out_of_business,
          due_unseen_surprise
D:4:      layout_basic, chequers_serial_rivers_micro_c
D:5:      due_chaos_kobolds, layout_cave_pods, hellmonk_ghost_happy_afterlife,
          uniq_duvessa

Skill      XL: |  1  2  3  4  5  6 |
---------------+-------------------+-----
Invocations    | 1 2 |  2.2
Short Blades   | 1 2 |  2.0
Axes           | 1 2 |  2.0
Maces & Flails | 1 2 |  2.0
Polearms       | 1 2 |  2.0
Staves         | 1 2 |  2.0
Slings         | 1 2 |  2.0
Bows           | 1 2 |  2.0
Crossbows      | 1 2 |  2.0
Throwing       | 1 2 |  2.0
Dodging        | 1 2 |  2.0
Stealth        | 1 2 |  2.0
Unarmed Combat | 1 2 |  2.0
Spellcasting   | 1 2 |  2.0
Evocations     | 1 2 |  2.0
Conjurations   | 1 |  1.6
Hexes          | 1 |  1.6
Summonings     | 1 |  1.6
Necromancy     | 1 |  1.6
Translocations | 1 |  1.6
Transmutations | 1 |  1.6
Fire Magic     | 1 |  1.6
Ice Magic      | 1 |  1.6
Air Magic      | 1 |  1.6
Earth Magic    | 1 |  1.6
Poison Magic   | 1 |  1.6
Long Blades    | 5 |  5.0
Fighting       | |  6.8
Armour         | |  6.8
Shields        | |  6.8

Action                   |  1- 3 |  4- 6 || total
-------------------------+-------+-------++-------
Melee: Long sword        |   126 |    87 ||   213
       Bite              |     9 |    15 ||    24
       Hand axe          |       |    64 ||    64
  Use: Scroll            |       |     1 ||     1
       Potion            |       |     1 ||     1
Armor: Scale mail        |    57 |    61 ||   118
Dodge: Dodged            |    63 |    52 ||   115
Block: Buckler           |    39 |    25 ||    64
       Tower shield      |       |    45 ||    45
